 Dungeon Crawl Stone Soup version 0.23.2-1-ga50397a (webtiles) character file.

Game seed: 6299180038034270850

460 prawnwizard the Grave Robber (level 7, -4/50 HPs)
             Began as a Gnoll Necromancer on May 16, 2019.
             Killed by nerve-wracking pain
             ... invoked by Grinder
              (10 damage)
             ... on level 3 of the Dungeon.
             The game lasted 00:08:17 (3460 turns).

prawnwizard the Grave Robber (Gnoll Necromancer)    Turns: 3460, Time: 00:08:18

Health: -4/50      AC:  2    Str: 10    XL:     7   Next: 7%
Magic:  5/15       EV: 15    Int: 20    God:
Gold:   158        SH:  0    Dex: 15    Spells: 9/17 levels left

rFire    . . .     SeeInvis .   f - +1 dagger (venom)
rCold    . . .     Gourm    .   (no shield)
rNeg     . . .     Faith    .   a - +0 robe
rPois    .         Spirit   .   (no helmet)
rElec    .         Reflect  .   (no cloak)
rCorr    .         Harm     .   (no gloves)
MR       .....                  (no boots)
Stlth    +++.......             (no amulet)
HPRegen  0.16/turn              (no ring)
MPRegen  0.14/turn              (no ring)

@: no status effects
A: distributed training, fangs 1, strong nose
a: no special abilities


You were on level 3 of the Dungeon.
You were hungry.

You visited 1 branch of the dungeon, and saw 3 of its levels.

You collected 158 gold pieces.

Inventory:

Hand Weapons
 d - a +0 dagger
 f - a +1 dagger of venom (weapon)
Armour
 a - a +0 robe (worn)
Jewellery
 g - an uncursed ring of flight {unknown}
 s - an uncursed amulet of faith {unknown}
Scrolls
 h - 3 scrolls of identify {unknown}
 i - a scroll of magic mapping {unknown}
 j - 2 scrolls of remove curse {unknown}
 p - a scroll of immolation {unknown}
 q - 2 scrolls of amnesia {unknown}
 r - a scroll of teleportation {unknown}
Potions
 b - 2 potions of agility {unknown}
 e - a potion of degeneration {unknown}
 k - a potion of ambrosia {unknown}
 l - a potion of invisibility {unknown}
 m - 3 potions of curing {unknown}
 n - 2 potions of haste {unknown}
 o - a potion of mutation {unknown}
Comestibles
 c - 7 rations


   Skills:
 + Level 2.2 Fighting
 + Level 2.2 Short Blades
 + Level 2.2 Long Blades
 + Level 2.2 Axes
 + Level 2.2 Maces & Flails
 + Level 2.2 Polearms
 + Level 2.2 Staves
 + Level 2.2 Slings
 + Level 2.2 Bows
 + Level 2.2 Crossbows
 + Level 2.2 Throwing
 + Level 2.2 Armour
 + Level 5.1 Dodging
 + Level 4.7 Stealth
 + Level 2.2 Shields
 + Level 2.2 Unarmed Combat
 + Level 5.5 Spellcasting
 + Level 1.8 Conjurations
 + Level 1.8 Hexes
 + Level 1.8 Charms
 + Level 1.8 Summonings
 + Level 7.3 Necromancy
 + Level 1.8 Translocations
 + Level 1.8 Transmutations
 + Level 1.8 Fire Magic
 + Level 1.8 Ice Magic
 + Level 1.8 Air Magic
 + Level 1.8 Earth Magic
 + Level 1.8 Poison Magic
 + Level 2.4 Invocations
 + Level 2.2 Evocations


You had 9 spell levels left.
You knew the following spells:

 Your Spells              Type           Power        Failure   Level  Hunger
a - Pain                  Necr           ####         1%          1    None
b - Animate Skeleton      Necr           N/A          1%          1    None
c - Regeneration          Chrm/Necr      ###.......   4%          3    ##.....
d - Vampiric Draining     Necr           ####......   1%          3    ##.....

Your spell library contained the following spells:

 Spells                   Type           Power        Failure   Level  Hunger
 Animate Dead             Necr           N/A          5%          4    ####...


Dungeon Overview and Level Annotations

Branches:
Dungeon (3/15)

Altars:
Wu Jian

Annotations:
D:3 Grinder


Innate Abilities, Weirdness & Mutations

Your experience applies equally to all skills.
You have very sharp teeth.
Your uncanny sense of smell can sniff out nearby items.


Message History

The ogre hits you with a cursed -1 giant spiked club!!
* * * LOW HITPOINT WARNING * * *
Grinder blinks!
Casting: Pain (safe; 1% risk of failure)
Confirm with . or Enter, or press ? or * to list all spells.
Aiming: Pain (safe; 1% risk of failure)
Press: ? - help, Shift-Dir - straight line, f/p - ogre
Aim: an ogre, wielding a -1 giant spiked club (severely wounded, chance to defeat MR: 84%)
The ogre writhes in agony!
Casting: Pain (safe; 1% risk of failure)
Confirm with . or Enter, or press ? or * to list all spells.
Aiming: Pain (safe; 1% risk of failure)
Press: ? - help, Shift-Dir - straight line, f/p - ogre
Aim: an ogre, wielding a -1 giant spiked club (almost dead, chance to defeat MR: 84%)
The ogre writhes in agony.
You kill the ogre!
You have reached level 7!
Grinder gestures at you. Pain shoots through your body!
You die...

. ### .. ##.# ...
#########..# ....
#..#...#...## .....
#...........##
......###............#
...$....##..)........#
#.....§)@.†..........#
#.....#.5...........##
#.......#..<.......###
###..#..##...........#
#
##....#####......#.####
###.....###...........
##......##.......###
###..........#.....
##..#.#............


You could see Grinder.

Vanquished Creatures
  An orc warrior (D:3)
  2 ogres
  2 orc priests (D:3)
  A worker ant (D:3)
  2 adders (D:2)
  2 oozes
  An adder skeleton (D:3)
  2 worms
  3 dart slugs (D:1)
  3 leopard geckos
  An orc (D:3)
  14 bats
  4 giant cockroaches
  10 goblins
  7 hobgoblins
  2 jackals (D:1)
  3 ball pythons
  6 frilled lizards
  6 kobolds
  5 rats
77 creatures vanquished.

Notes
Turn   | Place    | Note
-------+----------+-------------------------------------------
     0 | D:1      | prawnwizard the Gnoll Necromancer began the quest for the
                  | Orb.
     0 | D:1      | Reached XP level 1. HP: 13/13 MP: 6/6
   106 | D:1      | Reached XP level 2. HP: 16/19 MP: 4/7
   325 | D:1      | HP: 1/20 [kobold/+0 dagger (5)]
   675 | D:1      | Reached XP level 3. HP: 13/25 MP: 1/9
   696 | D:1      | Reached skill level 5 in Spellcasting
  1003 | D:1      | Learned a level 1 spell: Animate Skeleton
  1021 | D:1      | Learned a level 3 spell: Regeneration
  1025 | D:1      | Learned a level 3 spell: Vampiric Draining
  1386 | D:1      | Reached skill level 1 in Invocations
  1701 | D:2      | Reached skill level 1 in Fighting
  1701 | D:2      | Reached skill level 1 in Short Blades
  1701 | D:2      | Reached skill level 1 in Long Blades
  1701 | D:2      | Reached skill level 1 in Axes
  1701 | D:2      | Reached skill level 1 in Maces & Flails
  1701 | D:2      | Reached skill level 1 in Polearms
  1701 | D:2      | Reached skill level 1 in Staves
  1701 | D:2      | Reached skill level 1 in Slings
  1701 | D:2      | Reached skill level 1 in Bows
  1701 | D:2      | Reached skill level 1 in Crossbows
  1701 | D:2      | Reached skill level 1 in Throwing
  1701 | D:2      | Reached skill level 1 in Armour
  1701 | D:2      | Reached skill level 1 in Shields
  1701 | D:2      | Reached skill level 1 in Unarmed Combat
  1701 | D:2      | Reached skill level 1 in Evocations
  1701 | D:2      | Reached XP level 4. HP: 29/32 MP: 7/11
  2237 | D:2      | Noticed an ogre
  2249 | D:2      | Killed an ogre
  2249 | D:2      | Reached skill level 1 in Conjurations
  2249 | D:2      | Reached skill level 1 in Hexes
  2249 | D:2      | Reached skill level 1 in Charms
  2249 | D:2      | Reached skill level 1 in Summonings
  2249 | D:2      | Reached skill level 1 in Translocations
  2249 | D:2      | Reached skill level 1 in Transmutations
  2249 | D:2      | Reached skill level 1 in Fire Magic
  2249 | D:2      | Reached skill level 1 in Ice Magic
  2249 | D:2      | Reached skill level 1 in Air Magic
  2249 | D:2      | Reached skill level 1 in Earth Magic
  2249 | D:2      | Reached skill level 1 in Poison Magic
  2249 | D:2      | Reached XP level 5. HP: 15/37 MP: 7/12
  2824 | D:3      | Noticed an orc warrior
  2830 | D:3      | Reached XP level 6. HP: 29/44 MP: 7/13
  3020 | D:3      | Killed an orc warrior
  3020 | D:3      | Reached skill level 5 in Dodging
  3371 | D:3      | Found an ornate altar of the Wu Jian Council.
  3452 | D:3      | Noticed Grinder
  3460 | D:3      | Reached XP level 7. HP: 7/50 MP: 5/15
  3460 | D:3      | Killed from afar by Grinder

Skill      XL: |  1  2  3  4  5  6 |
---------------+-------------------+-----
Spellcasting   | 5 |  5.5
Invocations    | 1 2 |  2.4
Fighting       | 1 2 |  2.2
Short Blades   | 1 2 |  2.2
Long Blades    | 1 2 |  2.2
Axes           | 1 2 |  2.2
Maces & Flails | 1 2 |  2.2
Polearms       | 1 2 |  2.2
Staves         | 1 2 |  2.2
Slings         | 1 2 |  2.2
Bows           | 1 2 |  2.2
Crossbows      | 1 2 |  2.2
Throwing       | 1 2 |  2.2
Armour         | 1 2 |  2.2
Shields        | 1 2 |  2.2
Unarmed Combat | 1 2 |  2.2
Evocations     | 1 2 |  2.2
Conjurations   | 1 |  1.8
Hexes          | 1 |  1.8
Charms         | 1 |  1.8
Summonings     | 1 |  1.8
Translocations | 1 |  1.8
Transmutations | 1 |  1.8
Fire Magic     | 1 |  1.8
Ice Magic      | 1 |  1.8
Air Magic      | 1 |  1.8
Earth Magic    | 1 |  1.8
Poison Magic   | 1 |  1.8
Dodging        | 5 |  5.1
Stealth        | |  4.7
Necromancy     | |  7.3

Action                   |  1- 3 |  4- 6 |  7- 9 || total
-------------------------+-------+-------+-------++-------
Melee: Unarmed           |     1 |       |       ||     1
       Dagger            |    31 |    44 |       ||    75
       Bite              |       |    10 |       ||    10
 Cast: Pain              |    36 |    51 |     1 ||    88
       Regeneration      |       |     1 |       ||     1
       Animate Skeleton  |       |     1 |       ||     1
 Stab: Sleeping          |     8 |     5 |       ||    13
  Eat: Chunk             |     2 |     5 |       ||     7
Armor: Robe              |    10 |     3 |       ||    13
Dodge: Dodged            |    32 |    49 |       ||    81
